 Dungeon Crawl Stone Soup version 0.31-a0-167-g1c394c0614 (webtiles) character file.

Game seed: 13556847261501718369

811 qw the Chopper (level 7, -5/44 HPs)
             Began as a Gargoyle Fighter on June 14, 2023.
             Slain by a wight
             ... wielding a +0 battleaxe
              (11 damage)
             ... on level 6 of the Dungeon.
             The game lasted 00:02:13 (4522 turns).

qw the Chopper (Gargoyle Fighter)                   Turns: 4522, Time: 00:02:14

Health: -5/44      AC: 17    Str: 22    XL:     7   Next: 93%
Magic:  7/7        EV:  8    Int:  8    God:
Gold:   240        SH:  4    Dex:  9    Spells: 6/6 levels left

rFire   . . .        j - +1 war axe (vamp)
rCold   . . .        c - +0 buckler
rNeg    + . .        a - +0 chain mail
rPois   inf          (no helmet)
rElec   +            i - +1 cloak
rCorr   .            (no gloves)
SInv    .            p - +0 pair of boots
Will    .....        k - amulet of regeneration Stlth
                     (no ring)
HPRegen 1.07/turn    (no ring)
MPRegen 0.10/turn

%: no passive effects
@: about to teleport
A: sickness immunity, AC +4, negative energy resistance 1, electricity
resistance, torment resistance 1, petrification resistance
a: no special abilities


You were on level 6 of the Dungeon.
You visited 2 branches of the dungeon, and saw 7 of its levels.

You collected 240 gold pieces.


Innate Abilities, Weirdness & Mutations

You are immune to sickness and miasma.
Your stone body is resilient. (AC +4)
You are immune to poison.
You resist negative energy. (rN+)
You are resistant to electric shocks. (rElec)
You are resistant to unholy torment.
You are immune to petrification.


   Skills:
 - Level 5.0 Fighting
 + Level 7.0 Axes
 - Level 1.2 Throwing
 - Level 3.2 Armour
 - Level 1.0 Dodging
 - Level 3.2 Shields


You had 6 spell levels left.
You didn't know any spells.
Your spell library was empty.

Inventory:

Hand Weapons
 b - a +0 war axe
 f - a +0 flail
 j - a +1 vampiric war axe (weapon)
Missiles
 t - 2 boomerangs (quivered)
Armour
 a - a +0 chain mail (worn)
 c - a +0 buckler (worn)
 i - a +1 cloak (worn)
 p - a +0 pair of boots (worn)
Jewellery
 k - an amulet of regeneration (around neck)
Scrolls
 e - 2 scrolls of identify
 q - a scroll of immolation {unknown}
 u - a scroll of poison {unknown}
Potions
 d - a potion of might
 h - 2 potions of haste
 l - 2 potions of curing
 m - 2 potions of attraction
 o - a potion of lignification {unknown}
 r - a potion of cancellation {unknown}
 s - a potion of brilliance {unknown}

Dungeon Overview and Level Annotations

Branches:
Dungeon (6/15)             Temple (1/1) D:4

Altars:
Ashenzari
Cheibriados
Elyvilon
Fedhas
Gozag
Hepliaklqana
Makhleb
Nemelex Xobeh
Qazlal
Ru
Sif Muna
Trog
Uskayaw
Vehumet
Wu Jian
Yredelemnul
Zin
The Shining One

Annotations:
D:5 1 runed translucent door, Crazy Yiuf


Message History

The boomerang closely misses the water moccasin.
The boomerang hits the wight!
The wight is heavily damaged.
The water moccasin barely misses you.
You closely miss the water moccasin. You block the water moccasin's attack.
The water moccasin bites you!
You miss the water moccasin. You hit the wight.
The wight hits you with a +0 battleaxe.
The water moccasin completely misses you.
You hit the wight.
The wight is moderately damaged.
You closely miss the water moccasin.
The water moccasin bites you but does no damage.
The wight barely misses you. The water moccasin bites you.
You hit the wight but do no damage.
The wight is moderately damaged.
You slash the water moccasin! You block the wight's attack.
The water moccasin bites you but does no damage.
The wight hits you but does no damage. x2
You barely miss the wight.
The wight is heavily damaged.
You closely miss the water moccasin. You closely miss the wight.
The water moccasin bites you but does no damage. x2
The wight hits you with a +0 battleaxe.
The wight hits you with a +3 morningstar of freezing!
The wight freezes you.
You barely miss the wight.
The wight is heavily damaged.
You completely miss the wight. You completely miss the water moccasin.
The water moccasin bites you but does no damage.
The wight hits you with a +3 morningstar of freezing.
The wight freezes you. The wight hits you with a +0 battleaxe!
You block the water moccasin's attack.
4522 ||| READING scroll of teleportation.
As you read the scroll of teleportation, it crumbles to dust.
You feel strangely unstable. The water moccasin bites you.
The wight closely misses you. The wight hits you with a +0 battleaxe!
You die...

########
#............. .[.....
#............# .......
##########'#.# .......
#>..# ....... #.###
.......#### #[#
..........# #.#
......Sz..# #.#
......z@..##########.#
..........)..........#
#####.....############
#.....# ####.## #.#
#.# #.# #.


You could see a water moccasin and 2 wights.

Vanquished Creatures
  An ice beast (D:6)
  A centaur (D:6)
  3 phantoms
  A wight (D:6)
  A hound (D:4)
  6 iguanas
  2 sleepcaps (D:5)
  3 adders
  An ufetubus (D:5)
  A dart slug (D:1)
  18 orcs
  4 endoplasms
  4 goblins
  7 hobgoblins
  4 quokkas
  13 ball pythons
  6 bats
  2 frilled lizards
  10 kobolds
  5 rats
93 creatures vanquished.

Notes
Turn   | Place    | Note
-------+----------+-------------------------------------------
     0 | D:1      | qw the Gargoyle Fighter began the quest for the Orb.
     0 | D:1      | Reached XP level 1. HP: 14/14 MP: 1/1
     0 | D:1      | 0 ||| qw: Version: 0.2-a-29-g1fa15c8
     0 | D:1      | 0 ||| qw: Game counter: 5011
     0 | D:1      | 0 ||| qw: Always use a shield: true
     0 | D:1      | 0 ||| qw: God list: Okawaru
     0 | D:1      | 0 ||| qw: Allow faded altars: false
     0 | D:1      | 0 ||| qw: Do Orc after D:15 true
     0 | D:1      | 0 ||| qw: Do second Lair branch before Depths: true
     0 | D:1      | 0 ||| qw: Lair rune preference: random
     0 | D:1      | 0 ||| qw: Plans: Normal, Zot:1-4, Slime:5, God:TSO, Crypt,
                  | Tomb, Abyss, Pan, Hells, Win
     0 | D:1      | 0 ||| PLANNING D:1-11
    56 | D:1      | Reached skill level 2 in Axes
   112 | D:1      | 112 ||| Stepping ~*~*~tactically~*~*~ (stealth).
   115 | D:1      | 115 ||| Stepping ~*~*~tactically~*~*~ (stealth).
   135 | D:1      | Reached XP level 2. HP: 13/19 MP: 2/2
   164 | D:1      | You fall into a shaft and drop 1 floor!
   238 | D:2      | 238 ||| READING scroll labelled IKHLIC KAETOG.
   529 | D:1      | Reached skill level 3 in Axes
   589 | D:1      | Reached XP level 3. HP: 21/23 MP: 3/3
   792 | D:1      | 792 ||| UPGRADING to +0 chain mail.
   802 | D:1      | 802 ||| DROPPING +0 scale mail.
   803 | D:1      | 803 ||| UPGRADING to amulet of guardian spirit.
   808 | D:1      | 808 ||| READING scroll labelled VIGOHO HIS NAEXT.
   812 | D:1      | 812 ||| READING scroll labelled DOTSAVIZUE.
   863 | D:2      | 863 ||| Stepping ~*~*~tactically~*~*~ (hiding).
   924 | D:2      | 924 ||| Stepping ~*~*~tactically~*~*~ (stealth).
   926 | D:2      | 926 ||| Stepping ~*~*~tactically~*~*~ (stealth).
  1342 | D:2      | 1342 ||| DROPPING +0 club.
  1459 | D:2      | 1459 ||| DROPPING orb of guile.
  1460 | D:2      | 1460 ||| READING scroll labelled XOUHEH MUBRELYTHRAE.
  1499 | D:2      | 1499 ||| READING scroll labelled VAEGAA DES QIR.
  1500 | D:2      | 1500 ||| READING scroll labelled NUVOYLLAMU.
  1501 | D:2      | 1501 ||| DRINKING 2 purple potions.
  1502 | D:2      | 1502 ||| READING 2 scrolls of identify.
  1502 | D:2      | 1502 ||| IDENTIFYING green potion
  1503 | D:2      | 1503 ||| DROPPING potion of degeneration.
  1615 | D:3      | 1615 ||| DROPPING +0 whip.
  1768 | D:3      | Reached XP level 4. HP: 28/28 MP: 4/4
  1948 | D:3      | 1948 ||| UPGRADING to amulet of regeneration.
  1958 | D:3      | 1958 ||| DROPPING amulet of guardian spirit.
  1959 | D:3      | 1959 ||| READING 3 scrolls labelled BAMONW LOTHRIS.
  1960 | D:3      | 1960 ||| READING scroll labelled OLISOZENTOR.
  1961 | D:3      | 1961 ||| READING 3 scrolls of identify.
  1961 | D:3      | 1961 ||| IDENTIFYING fuming black potion
  1962 | D:3      | 1962 ||| READING 2 scrolls of identify.
  1962 | D:3      | 1962 ||| IDENTIFYING fuming silvery potion
  1963 | D:3      | 1963 ||| DROPPING 2 scrolls of vulnerability.
  2061 | D:4      | 2061 ||| Stepping ~*~*~tactically~*~*~ (stealth).
  2065 | D:4      | Noticed a phantom
  2068 | D:4      | Reached skill level 4 in Axes
  2069 | D:4      | 2069 ||| Stepping ~*~*~tactically~*~*~ (stealth).
  2084 | D:4      | Killed a phantom
  2085 | D:4      | Reached XP level 5. HP: 32/32 MP: 5/5
  2119 | D:4      | Found a hide-covered altar of Uskayaw.
  2137 | D:4      | Found a staircase to the Ecumenical Temple.
  2138 | D:4      | 2138 ||| PLANNING TEMPLE
  2140 | D:4      | 2140 ||| UPGRADING to +0 cloak.
  2146 | D:4      | 2146 ||| READING 2 scrolls labelled EDWUS RE ETODD.
  2147 | D:4      | 2147 ||| READING scroll of enchant armour.
  2147 | D:4      | 2147 ||| ENCHANTING +0 cloak.
  2150 | D:4      | 2150 ||| Stepping ~*~*~tactically~*~*~ (stealth).
  2151 | D:4      | 2151 ||| Stepping ~*~*~tactically~*~*~ (stealth).
  2159 | D:4      | Reached skill level 5 in Axes
  2161 | Temple   | Entered the Ecumenical Temple
  2230 | Temple   | 2230 ||| PLANNING D:1-11
  2325 | D:4      | Found a shimmering blue altar of Sif Muna.
  2325 | D:4      | Found an ornate altar of the Wu Jian Council.
  2494 | D:4      | 2494 ||| Stepping ~*~*~tactically~*~*~ (hiding).
  2700 | D:4      | Reached XP level 6. HP: 38/38 MP: 6/6
  2899 | D:5      | Entered Level 5 of the Dungeon
  2992 | D:5      | Found a glowing golden altar of the Shining One.
  3078 | D:5      | Reached skill level 6 in Axes
  3173 | D:5      | Reached skill level 1 in Dodging
  3223 | D:5      | Found a runed translucent door.
  3224 | D:5      | Noticed Crazy Yiuf
  3380 | D:5      | Reached XP level 7. HP: 43/43 MP: 7/7
  3810 | D:5      | 3810 ||| UPGRADING to +0 pair of boots.
  3815 | D:5      | 3815 ||| DROPPING ring of magical power.
  3816 | D:5      | 3816 ||| READING 2 scrolls of identify.
  3816 | D:5      | 3816 ||| IDENTIFYING smoky white potion
  3973 | D:6      | 3973 ||| Stepping ~*~*~tactically~*~*~ (stealth).
  3974 | D:6      | 3974 ||| Stepping ~*~*~tactically~*~*~ (stealth).
  3976 | D:6      | 3976 ||| Stepping ~*~*~tactically~*~*~ (hiding).
  4003 | D:6      | Reached skill level 7 in Axes
  4065 | D:6      | Identified the +1 dagger of Sin {spect, Dex+2}
  4372 | D:6      | 4372 ||| Stepping ~*~*~tactically~*~*~ (hiding).
  4387 | D:6      | Reached skill level 1 in Throwing
  4388 | D:6      | HP: 11/44 [wight/+3 morningstar of freezing (5)]
  4389 | D:6      | 4389 ||| READING 2 scrolls of teleportation.
  4389 | D:6      | HP: 4/44 [wight/+3 morningstar of freezing (5)]
  4390 | D:6      | 4390 ||| DRINKING potion of heal wounds.
  4521 | D:6      | HP: 7/44 [wight/+0 battleaxe (12)]
  4522 | D:6      | 4522 ||| READING scroll of teleportation.
  4522 | D:6      | Slain by a wight

Levels and vault maps discovered:
D:1:      grunt_arrival_crossed_arrows, layout_basic
D:2:      layout_basic, corexii_hall_statues_l, minmay_pentomino_s2
D:3:      layout_rooms
D:4:      layout_loops_ring, nicolae_uskayaw_dance_hall,
          chequers_temple_overflow_statue_of_worship,
          minmay_temple_entry_antechambers, uniq_eustachio
D:5:      layout_basic, mainiacjoe_overflow_boulevard, uniq_crazy_yiuf_cottage
D:6:      layout_basic
Temple:   jpeg_temple_clearing

Skill      XL: |  1  2  3  4  5  6  7 |
---------------+----------------------+-----
Axes           | 2 3 4 5 6 7 |  7.0
Fighting       | 4 5 |  5.0
Dodging        | 1 |  1.0
Throwing       | 1 |  1.2
Armour         | |  3.2
Shields        | |  3.2

Action                     |  1- 3 |  4- 6 |  7- 9 || total
---------------------------+-------+-------+-------++-------
  Melee: War axe           |   148 |   131 |    60 ||   339
  Throw: Boomerang         |       |       |    10 ||    10
    Use: Scroll            |     7 |     6 |     3 ||    16
         Potion            |     1 |       |     1 ||     2
 Armour: Scale mail        |    42 |       |       ||    42
         Chain mail        |    29 |    71 |    33 ||   133
  Dodge: Dodged            |    71 |    46 |    28 ||   145
  Block: Buckler           |    34 |    17 |    13 ||    64

Table legend:
 A = Non-vault XP
 B = Vault XP
 C = Vault XP percentage of total XP
 D = Non-vault monster count
 E = Vault monster count
 F = Vault count percentage of total count
                 A         B        C        D         E       F
            +---------+---------+-------+---------+---------+-------
      Total |    1156 |       3 |   0.3 |      91 |       2 |   2.2
            +---------+---------+-------+---------+---------+-------
        D:1 |      34 |       0 |   0.0 |      20 |       0 |   0.0
        D:2 |      25 |       3 |  10.7 |      17 |       2 |  10.5
        D:3 |      28 |       0 |   0.0 |      11 |       0 |   0.0
        D:4 |     286 |       0 |   0.0 |      24 |       0 |   0.0
        D:5 |     416 |       0 |   0.0 |      10 |       0 |   0.0
        D:6 |     367 |       0 |   0.0 |       9 |       0 |   0.0
            +---------+---------+-------+---------+---------+-------
